 Dungeon Crawl Stone Soup version 0.19-a0-1532-g228a5d9 (webtiles) character file.

62 Alarkh the Charmwright (level 3, -1/27 HPs)
             Began as a Mummy Skald on Sept 13, 2016.
             Slain by an orc wizard
             ... wielding a +0 dagger
              (2 damage)
             ... on level 2 of the Dungeon.
             The game lasted 00:01:54 (1148 turns).

Alarkh the Charmwright (Mummy Skald)                Turns: 1148, Time: 00:01:55

Health: -1/27      AC:  3    Str: 15    XL:     3   Next: 85%
Magic:  0/6        EV: 11    Int: 12    God:
Gold:   60         SH:  0    Dex: 11    Spells: 1 memorised, 6 levels left

rFire  x . .     SeeInvis .     a - +0 falchion
rCold  + . .     Gourm    .     b - +0 leather armour
rNeg   + + +     Faith    .     (no shield)
rPois  ∞         Spirit   .     (no helmet)
rElec  .         Dismiss  .     (no cloak)
rCorr  .         Reflect  .     (no gloves)
MR     .....     Harm     .     (no boots)
Stlth  +.........               (no amulet)
                                (no ring)
                                (no ring)

@: slowed, very slow
A: no food or potions, fire vulnerability, cold resistance 1, negative energy
resistance 3, torment resistance, unbreathing
a: no special abilities


You were on level 2 of the Dungeon.
You were not hungry.

You visited 1 branch of the dungeon, and saw 3 of its levels.

You collected 60 gold pieces.

Inventory:

Hand Weapons
 a - a +0 falchion (weapon)
Armour
 b - a +0 leather armour (worn)
Scrolls
 d - a scroll of fear {unknown}
 e - a scroll of remove curse
 f - 2 scrolls of teleportation
 g - a scroll of enchant weapon {unknown}
 h - a scroll of blinking {unknown}
 i - a scroll of enchant armour {unknown}
Books
 c - a book of Battle

   Spells                             Type                      Level
   a - Infusion                       Charms                       1
   b - Shroud of Golubria             Charms/Translocation         2
   c - Song of Slaying                Charms                       2
   d - Spectral Weapon                Hexes/Charms                 3
   e - Regeneration                   Charms/Necromancy            3


   Skills:
 - Level 2.0 Fighting
 * Level 2.6 Long Blades
 - Level 0.7 Armour
 - Level 0.7 Dodging
 + Level 2.5 Spellcasting
 + Level 2.9 Charms


You had 6 spell levels left.
You knew the following spells:

 Your Spells              Type           Power        Failure   Level  Hunger
a - Infusion              Chrm           #...         12%         1    N/A

Dungeon Overview and Level Annotations

Branches:
Dungeon (3/15)

Altars:


Innate Abilities, Weirdness & Mutations

You do not eat or drink.
Your flesh is vulnerable to fire.
You are immune to poison.
Your flesh is cold resistant. (rC+)
You are immune to negative energy. (rN+++)
You are immune to unholy pain and torment.
You can survive without breathing.


Message History

The orc wizard hits you with a dagger.
* * * LOW HITPOINT WARNING * * *
The orc wizard hits you but does no damage.
You hit the orc wizard but do no damage.
The orc wizard is heavily wounded.
The orc wizard misses you.
The orc wizard gestures at you while chanting.
You feel yourself slow down.
You barely miss the orc wizard.
The orc wizard is heavily wounded.
You are no longer magically infusing your attacks.
The orc wizard hits you with a dagger.
* * * LOW HITPOINT WARNING * * *
The orc wizard points at you and mumbles some strange words.
You resist with some effort.
The orc wizard hits you but does no damage.
You hit the orc wizard.
The orc wizard is heavily wounded.
The orc wizard hits you with a dagger.
You die...

##############
##########............#
####......@o+............#
#.##.#####.##............#
#(##.#####.##...........)##
#....#.........##..######.(
#....#.........###.## #.#
#.##.#........[# #..# #.#
####.#####'########.#####.#
########.#
###.................
#.....##.#
#.............#.....


You could see an orc wizard.

Vanquished Creatures
  2 adders (D:2)
  A dart slug (D:2)
  A giant gecko (D:1)
  An orc (D:3)
  5 bats
  A giant cockroach (D:1)
  8 goblins
  5 hobgoblins
  4 kobolds
  A quokka (D:2)
  5 giant newts
  7 rats
41 creatures vanquished.

Notes
Turn   | Place    | Note
-------+----------+-------------------------------------------
     0 | D:1      | Alarkh the Mummy Skald began the quest for the Orb.
     0 | D:1      | Reached XP level 1. HP: 16/16 MP: 3/3
    37 | D:1      | Reached XP level 2. HP: 2/22 MP: 0/5
   735 | D:2      | Reached XP level 3. HP: 27/27 MP: 3/6
  1147 | D:2      | HP: 1/27 [orc wizard/dagger (2)]
  1148 | D:2      | Slain by an orc wizard

Vault maps used:
D:1:      scummos_arrival_star
D:3:      lightli_sewer_entry_pipes

Skill      XL: |  1  2 |
---------------+-------+-----
Long Blades    | 2 |  2.6
Fighting       | |  2.0
Armour         | |  0.7
Dodging        | |  0.7
Spellcasting   | |  2.5
Charms         | |  2.9

Action                   || total
-------------------------++-------
Melee: Falchion          ||   159
 Cast: Infusion          ||    12
  Use: Scroll            ||     2
Armor: Leather armour    ||    30
Dodge: Dodged            ||    84
